 Dungeon Crawl Stone Soup version 0.30-a0-42-g806c11bf1d (webtiles) character file.

Game seed: 14881491566138249365

4907 QueenGhuleh the Cleaver (level 10, 0/91 HPs)
             Began as a Minotaur Berserker on Aug 30, 2022.
             Was an Elder of Trog.
             Slain by Amaemon
             ... wielding a -2 demon whip of venom
              (6 damage)
             ... on level 10 of the Dungeon.
             The game lasted 00:12:01 (7147 turns).

QueenGhuleh the Cleaver (Minotaur Berserker)        Turns: 7147, Time: 00:12:01

Health: 0/91       AC: 20    Str: 26    XL:     10   Next: 27%
Magic:  9/9        EV: 12    Int:  4    God:    Trog [****..]
Gold:   507        SH:  0    Dex: 10    Spells: 9/9 levels left

rFire   . . .      SeeInvis .    y - +0 morningstar
rCold   . . .      Faith    .    (no shield)
rNeg    . . .      Spirit   .    e - +0 plate armour
rPois   .          Reflect  .    (helmet restricted)
rElec   .          Harm     .    (no cloak)
rCorr   .          Rampage  .    C - +0 pair of gloves
Will    .....                    D - +0 pair of boots
Stlth   ..........               (no amulet)
HPRegen 0.25/turn                d - +4 ring of evasion
MPRegen 0.11/turn                i - +4 ring of protection

@: lethally poisoned (0 -> -15), on berserk cooldown, slowed, very slow
A: horns 2, retaliatory headbutt
a: Renounce Religion, Berserk, Trog's Hand, Brothers in Arms


You were on level 10 of the Dungeon.
You worshipped Trog.
Trog was greatly pleased with you.
You visited 1 branch of the dungeon, and saw 9 of its levels.

You collected 556 gold pieces.
You spent 49 gold pieces at shops.

Inventory:

Hand Weapons
 u - a +0 war axe
 y - a +0 morningstar (weapon)
Armour
 e - a +0 plate armour (worn)
 C - a +0 pair of gloves (worn)
 D - a +0 pair of boots (worn)
Jewellery
 d - a +4 ring of evasion (left hand)
 i - a +4 ring of protection (right hand)
 v - a ring of positive energy
Wands
 z - a wand of iceblast (11)
Scrolls
 b - 5 scrolls of identify {unknown}
 f - 7 scrolls of blinking {unknown}
 g - 4 scrolls of noise {unknown}
 l - 2 scrolls of vulnerability {unknown}
 m - a scroll of fog {unknown}
 o - 2 scrolls of immolation {unknown}
 r - a scroll of acquirement {unknown}
 s - 3 scrolls of amnesia {unknown}
 w - a scroll of enchant armour {unknown}
 B - a scroll of poison {unknown}
 E - a scroll of teleportation {unknown}
Potions
 a - a potion of haste {unknown}
 c - 3 potions of mutation {unknown}
 h - 5 potions of might {unknown}
 j - 3 potions of attraction {unknown}
 k - 2 potions of heal wounds {unknown}
 n - 6 potions of curing {unknown}
 p - 2 potions of degeneration {unknown}
 q - 2 potions of invisibility {unknown}
 t - 2 potions of brilliance
 x - 2 potions of ambrosia {unknown}
 A - a potion of flight {unknown}
 F - 2 potions of lignification {unknown}


   Skills:
 + Level 9.1 Fighting
 + Level 11.1(12.2) Axes
 + Level 8.3(10.9) Maces & Flails
 + Level 8.7 Armour
 + Level 3.0 Dodging
 + Level 1.0 Stealth


You had 9 spell levels left.
You didn't know any spells.
Your spell library was empty.

Dungeon Overview and Level Annotations

Branches:
Dungeon (8/15)             Temple (0/1) D:6
   Lair: D:8-11

Altars:
Cheibriados
Gozag
Makhleb
Qazlal
Sif Muna
Trog
Vehumet

Shops:
D:5 (   D:7 (

Annotations:
D:7 exclusion: statue
D:10 Amaemon


Innate Abilities, Weirdness & Mutations

You have a pair of horns on your head.
You reflexively headbutt those who attack you in melee.


Message History

The scorpion is moderately wounded.
You feel sick.
Amaemon's eyes glow red.
Amaemon closely misses you. You furiously retaliate!
You headbutt Amaemon! Amaemon claws you but does no damage.
Amaemon barely misses you.
You bludgeon the scorpion!!
You kill the scorpion!
The scorpion's corpse disappears in a puff of smoke!
You feel sick.
Found 21 gold pieces.
You are no longer berserk.
You are exhausted.
You feel yourself slow down.
You feel sick.
A yak comes into view.
Amaemon closely misses you. You furiously retaliate!
You headbutt Amaemon! Amaemon barely misses you. Amaemon tail-slaps you.
You are more poisoned.
Amaemon poisons you!
You hit Amaemon but do no damage.
Amaemon is moderately wounded.
* * * LOW HITPOINT WARNING * * *
You feel extremely sick. Amaemon barely misses you.
Amaemon claws you but does no damage. Amaemon barely misses you.
A yak comes into view.
The boulder beetle leaps!
Amaemon misses you. You furiously retaliate!
You headbutt Amaemon, but do no damage. Amaemon claws you.
* * * LOW HITPOINT WARNING * * *
Amaemon tail-slaps you but does no damage.
The yak bellows!
You hit Amaemon.
Amaemon is moderately wounded.
* * * LOW HITPOINT WARNING * * *
You feel extremely sick.
You hear a bellow!
A yak comes into view.
Amaemon hits you with a -2 demon whip of venom!
* * * LOW HITPOINT WARNING * * *
Amaemon claws you.
You die...

...†..............
##########.#.#....
##.#######.#.# #
...........#.# #
.....#.#...#.###### #Y#
##...#............. ..Y$
##...[.....#.......Y...
)..#.#.#...#######..####
)...............@.......
...#.#.#...#.#.#6#..####
##.#.#.#.............#
.#.#.#.#..#..#.#.#..##
..........#....#.#...#
##.##..........#.# ..#
#...........#.#.# ..#
#####.###.##.#.#.# .#
...........#.#.#


You could see Amaemon and 3 yaks.

Vanquished Creatures
  Pikel (D:4)
  An orange demon (D:10)
  4 vampire mosquitoes (D:10)
  A steam dragon (D:6)
  2 water moccasins
  2 sky beasts (D:7)
  2 orc warriors
  2 ice beasts (D:7)
  4 black bears
  2 ogres
  A centaur (D:6)
  Blork the orc (D:5)
  3 necrophages
  4 scorpions
  A bullfrog (D:7)
  8 wights (D:6)
  4 killer bees (D:8)
  2 howler monkeys
  7 orc priests
  A gnoll bouda (D:8)
  5 hounds
  4 jellies
  5 iguanas
  Terence (D:2)
  6 orc wizards
  4 adders
  4 gnolls (D:8)
  A shadow imp (D:7)
  A white imp (D:6)
  2 ufetubi (D:6)
  A worm (D:2)
  4 dart slugs
  22 orcs
  8 ball pythons
  3 bats
  3 endoplasms
  8 giant cockroaches (D:3)
  6 hobgoblins
  8 kobolds
  6 quokkas
  2 frilled lizards (D:2)
  6 goblins
  5 rats
168 creatures vanquished.

Vanquished Creatures (others)
  A wizard (D:6)
  An iguana (D:6)
  An orc (D:6)
  20 plants (D:4)
23 creatures vanquished.

Grand Total: 191 creatures vanquished

Notes
Turn   | Place    | Note
-------+----------+-------------------------------------------
     0 | D:1      | QueenGhuleh the Minotaur Berserker began the quest for the
                  | Orb.
     0 | D:1      | Reached XP level 1. HP: 19/19 MP: 0/0
   180 | D:1      | Found a faded altar of an unknown god.
   233 | D:1      | Reached XP level 2. HP: 27/27 MP: 1/1
   332 | D:1      | Reached skill level 4 in Axes
   636 | D:2      | Noticed Terence
   651 | D:2      | Killed Terence
   652 | D:2      | Reached XP level 3. HP: 33/33 MP: 2/2
   905 | D:2      | Reached ** piety under Trog
  1341 | D:3      | Reached XP level 4. HP: 41/41 MP: 3/3
  1453 | D:3      | Found an opulent altar of Gozag.
  1567 | D:3      | Reached skill level 5 in Axes
  1778 | D:4      | Noticed a lemure
  1779 | D:4      | Noticed a lemure
  1780 | D:4      | Noticed Pikel
  1781 | D:4      | Noticed a lemure
  1783 | D:4      | Noticed a lemure
  1801 | D:4      | Killed Pikel
  1802 | D:4      | Reached skill level 5 in Fighting
  1802 | D:4      | Reached skill level 7 in Axes
  1802 | D:4      | Reached XP level 5. HP: 50/50 MP: 4/4
  1802 | D:4      | Reached XP level 6. HP: 57/57 MP: 5/5
  1802 | D:4      | Reached XP level 7. HP: 62/62 MP: 6/6
  2011 | D:4      | Reached skill level 5 in Armour
  2280 | D:4      | Found a stormy altar of Qazlal.
  2280 | D:4      | Found a burning altar of Makhleb.
  2336 | D:4      | Found a snail-covered altar of Cheibriados.
  2685 | D:4      | Reached skill level 8 in Axes
  3077 | D:5      | Entered Level 5 of the Dungeon
  3166 | D:5      | Reached *** piety under Trog
  3299 | D:5      | Reached XP level 8. HP: 70/70 MP: 7/7
  3311 | D:5      | Found Weraufi Yrich's Weapon Shop.
  3316 | D:5      | Bought a +0 war axe for 49 gold pieces
  3351 | D:5      | Reached skill level 9 in Axes
  3415 | D:5      | Identified the +4 ring mail "Feubro" {Harm}
  3485 | D:5      | Noticed Blork the orc
  3500 | D:5      | Killed Blork the orc
  3889 | D:5      | Reached skill level 10 in Axes
  3895 | D:5      | Found a shimmering blue altar of Sif Muna.
  4078 | D:6      | Found a staircase to the Ecumenical Temple.
  4374 | D:6      | Reached XP level 9. HP: 68/79 MP: 8/8
  4492 | D:6      | Reached skill level 11 in Axes
  4492 | D:6      | Reached skill level 1 in Maces & Flails
  4669 | D:6      | Reached **** piety under Trog
  5004 | D:6      | Found a bloodstained altar of Trog.
  5007 | D:6      | Noticed a wizard
  5012 | D:6      | Killed a wizard
  5333 | D:7      | Reached skill level 5 in Maces & Flails
  5615 | D:7      | Found a radiant altar of Vehumet.
  5705 | D:7      | Reached skill level 1 in Stealth
  5908 | D:7      | Found Zegeru Comim's Weapon Boutique.
  6295 | D:8      | Reached XP level 10. HP: 41/90 MP: 9/9
  6777 | D:8      | You fall into a shaft and drop 2 floors!
  6777 | D:10     | Entered Level 10 of the Dungeon
  7125 | D:10     | Noticed a boulder beetle
  7127 | D:10     | Noticed an orange demon
  7129 | D:10     | Noticed Amaemon
  7135 | D:10     | Killed an orange demon
  7147 | D:10     | Slain by Amaemon

Illustrated notes

Levels and vault maps discovered:
D:1:      dreamdust_arrival_beginning_and_end, layout_basic,
          shapermc_ecumenical_altar_starsandcircs
D:2:      layout_loops_ring, minmay_diced_spiral, uniq_terence
D:3:      minmay_roachtagon, layout_rooms, nicolae_gozag_seed_capital,
          corexii_corridor_pit, kennysheep_decorative_pillar
D:4:      layout_basic, mainiacjoe_overflow_six_doors_small,
          nicolae_overflow_two_pavilions, serial_bayou, serial_bayou_shore_b,
          serial_bayou_pond_b, serial_bayou_lagoon_b, serial_bayou_pond_a,
          minmay_small_thing, uniq_pikel
D:5:      corexii_shack_village, layout_cave_pools, lemuel_tele_altar,
          serial_shops, shop, hangedman_abyss_or_decor_stabs, uniq_blork_the_orc
D:6:      minmay_spotlight, layout_loops_ring, trog_wizard,
          minmay_temple_entry_glass, minmay_strange_pillars, st_stairs_3,
          nrook_loot_triangle
D:7:      layout_cave_pools, vehumet_statue, serial_shops,
          kennysheep_little_box, serial_co_window_serial, co_window_paths_a,
          co_window_paths_a, co_window_corner_a, co_window_paths_a,
          co_window_of_opportunity_a, co_window_broadway_c, co_window_corner_cb,
          co_window_2corner, co_window_of_opportunity_b,
          co_window_of_opportunity_c, co_window_corner_cb,
          co_window_of_opportunity_c, glass_columns_a
D:8:      layout_basic, lemuel_zombie_altar_yredelemnul, general_overflow_altar,
          kennysheep_pointless_box
D:10:     layout_basic, good_gods_temple_1, uniq_amaemon, uniq_maurice,
          uniq_joseph

Skill      XL: |  1  2  3  4  5  6  7  8  9 10 |
---------------+-------------------------------+-----
Axes           | 4 7 8 10 11 | 11.1
Fighting       | 4 5 6 7 8 9 |  9.1
Armour         | 4 5 7 8 |  8.7
Maces & Flails | 7 8 |  8.3
Dodging        | 3 |  3.0
Stealth        | 1 |  1.0

Action                   |  1- 3 |  4- 6 |  7- 9 | 10-12 || total
-------------------------+-------+-------+-------+-------++-------
Melee: Hand axe          |    82 |    47 |    91 |       ||   220
       Headbutt          |    19 |     8 |    62 |    15 ||   104
       Punch             |       |       |     7 |     2 ||     9
       War axe           |       |       |    78 |       ||    78
       Morningstar       |       |       |   144 |    79 ||   223
Invok: Berserk           |     1 |     1 |     3 |     3 ||     8
Armor: Plate armour      |    43 |    12 |   208 |    55 ||   318
       Animal skin       |     1 |       |       |       ||     1
Dodge: Dodged            |    41 |    24 |   230 |    37 ||   332

Table legend: (Time is in decaauts)
 A = Elapsed time spent in this place.
 B = Non-inter-level travel time spent in this place.
 C = Inter-level travel time spent in this place.
 D = Time resting spent in this place.
 E = Time spent auto-exploring this place.
 F = Levels seen in this place.
 G = Mean time per level.
                   A        B        C        D        E       F      G
               +--------+--------+--------+--------+--------+-----+--------+
         Total |   7242 |   7105 |    137 |      0 |   6007 |   9 |  804.7 |
       Dungeon |   7242 |   7105 |    137 |      0 |   6007 |   9 |  804.7 |
               +--------+--------+--------+--------+--------+-----+--------+

Top non-repeatable levels by time:
     D:4: 1409 daAuts
     D:6: 1264 daAuts
     D:5: 1006 daAuts
     D:7: 965 daAuts
     D:2: 741 daAuts
     D:1: 530 daAuts
     D:8: 511 daAuts
     D:3: 448 daAuts
    D:10: 364 daAuts
